 Dungeon Sprint DCSS version 0.21-a0-351-g38363bb (webtiles) character file.

10600000 Dominolapin the Conqueror (level 27, -47/323 HPs)
             Began as an Ogre Berserker on Oct 9, 2017.
             Was the Champion of Makhleb.
             Annihilated by The Defiler
             ... wielding a +9 demon whip of slashing
              (90 damage)
             ... in the Dungeon (Sprint VIII: "Arena of Blood").
             The game lasted 00:04:29 (106 turns).

Dominolapin the Conqueror (Ogre Berserker)           Turns: 106, Time: 00:04:30

Health: -47/323    AC:  5    Str: 31    XL:     27
Magic:  41/54      EV: 28    Int:  8    God:    Makhleb [******]
Gold:   0          SH:  0    Dex: 15    Spells: 80/80 levels left

rFire    . . .     SeeInvis +   j - +∞ Axe of Woe
rCold    . . .     Gourm    .   (shield currently unavailable)
rNeg     . . .     Faith    .   b - +0 animal skin
rPois    .         Spirit   .   (helmet restricted)
rElec    .         Reflect  .   (no cloak)
rCorr    .         Harm     .   (gloves unavailable)
MR       ++...     NoTele   +   (boots unavailable)
Stlth    +++++++++.             (no amulet)
HPRegen  0.63/turn              v - ring of see invisible
MPRegen  0.34/turn              (no ring)

@: no status effects
A: unfitting armour, tough skin 1
a: Minor Destruction, Lesser Servant of Makhleb, Major Destruction, Greater
Servant of Makhleb, Renounce Religion


You were in the Dungeon.
You worshipped Makhleb.
Makhleb was exalted by your worship.
You were not hungry.

You visited 1 branch


Innate Abilities, Weirdness & Mutations

You are too large for most types of armour.
You have tough skin. (AC +1)


   Skills:
 O Level 27 Fighting
 O Level 27 Axes
 O Level 27 Throwing
 O Level 27 Armour
 O Level 27 Dodging
 O Level 27 Stealth
 O Level 27 Unarmed Combat
 O Level 27 Spellcasting
 O Level 27 Invocations


You had 80 spell levels left.
You didn't know any spells.

Inventory:

Hand Weapons
 a - a +0 hand axe
 j - the +∞ Axe of Woe (weapon)
   (You found it in the Dungeon)
Armour
 b - a +0 animal skin (worn)
Jewellery
 v - a ring of see invisible (left hand)
Scrolls
 i - a scroll of blinking
Potions
 d - a potion of curing {@q1}
 e - a potion of heal wounds {@q2}
 f - a potion of haste {@q3}
 g - 2 potions of magic
 h - a potion of berserk rage {!q}
Comestibles
 c - a bread ration {@e1}

Dungeon Overview and Level Annotations

Branches:
Dungeon (1/1)

Altars:
Makhleb

Annotations:
D The Defiler

.......)))........
......)))).......#.
.......)))......#..
.....%%))))...##...
.....#G.).).W.#.....
.......%.))M..#...##
....##o#).)W).......
......%)2)))....oGG.
###....#.@@))####.
..........))....#.
..........).....o...
###........)......##
#################


You could see an accursed, a meat beast, 3 observers, The Defiler, a wretched
soul (invisible), a dread and 3 bags of meat.


Message History

The observer gazes at you. Something smites you!
* * * LOW HITPOINT WARNING * * *
The bag of meat moves out of view.
The meat berserker hits you with a +9 battleaxe!
* * * LOW HITPOINT WARNING * * *
A great orb of eyes and a hell beast come into view.
Things that are here:
a +9 battleaxe; a +30 ring of slaying; a meat berserker corpse The meat beast bleats!
The observer turns its gaze towards you.
You slash the meat berserker!
You butcher the meat berserker messily.
You kill the meat berserker!
Makhleb accepts your kill.
You feel better.
You hear an angry hiss.
You hear a shout! x2
The observer moves out of view.
You hear a shout! x3
The observer gazes at you.
The fireball explodes!
The fireball engulfs you!
* * * LOW HITPOINT WARNING * * *
You hear a shout!
A great orb of eyes and an orc come into view.
You hear a shout! x2
The observer gazes at you.
The fireball explodes!
The fireball engulfs you!
* * * LOW HITPOINT WARNING * * *
You hear a shout! x2
The Defiler hits you with a +9 demon whip of slashing!!!!
You die...

Skill      XL: |  1  2  3  4  5  6  7  8  9 10 11 12 13 14 15 16 17 18 19 20 21 22 23 |
---------------+----------------------------------------------------------------------+-----
Fighting       | 18 22 25 27 | 27.0
Axes           | 14 18 20 22 25 27 | 27.0
Armour         | 12 15 17 19 21 25 27 | 27.0
Dodging        | 13 17 19 20 23 26 27 | 27.0
Throwing       | 5 15 23 27 | 27.0
Stealth        | 17 27 | 27.0
Unarmed Combat | 5 9 27 | 27.0
Spellcasting   | 6 16 24 27 | 27.0
Invocations    | 6 7 27 | 27.0

Action                   |  1- 3 |  4- 6 |  7- 9 | 10-12 | 13-15 | 16-18 | 19-21 | 22-24 | 25-27 || total
-------------------------+-------+-------+-------+-------+-------+-------+-------+-------+-------++-------
Melee: Executioner's axe |     1 |       |       |     1 |     2 |     6 |     6 |     5 |    31 ||    52
Armor: Animal skin       |       |       |       |       |       |       |       |       |     1 ||     1
Dodge: Dodged            |       |       |       |       |       |     1 |       |     1 |     3 ||     5

Vault maps used:
D:        meatsprint

Notes
Turn   | Place    | Note
-------+----------+-------------------------------------------
     0 | D        | Found the +∞ Axe of Woe
     0 | D        | Dominolapin the Ogre Berserker began the quest for the Orb.
     0 | D        | Reached XP level 1. HP: 24/24 MP: 1/1
     2 | D        | Noticed a bag of meat
     3 | D        | Noticed a bag of meat
     3 | D        | Noticed a bag of meat
     3 | D        | Noticed a meat berserker
     4 | D        | Noticed a bag of meat
     6 | D        | Killed a bag of meat
     6 | D        | Reached skill level 18 in Fighting
     6 | D        | Reached skill level 14 in Axes
     6 | D        | Reached skill level 12 in Armour
     6 | D        | Reached skill level 13 in Dodging
     6 | D        | Reached XP level 2. HP: 63/63 MP: 2/2
     6 | D        | Reached XP level 3. HP: 71/71 MP: 3/3
     6 | D        | Reached XP level 4. HP: 81/81 MP: 4/4
     6 | D        | Reached XP level 5. HP: 89/89 MP: 5/5
     6 | D        | Reached XP level 6. HP: 98/98 MP: 6/6
     6 | D        | Reached XP level 7. HP: 107/107 MP: 7/7
     6 | D        | Reached XP level 8. HP: 117/117 MP: 8/8
     6 | D        | Reached XP level 9. HP: 124/124 MP: 9/9
     6 | D        | Reached XP level 10. HP: 135/135 MP: 10/10
     6 | D        | Reached XP level 11. HP: 143/143 MP: 11/11
     6 | D        | Reached XP level 12. HP: 152/152 MP: 12/12
     7 | D        | Noticed a bag of meat
     7 | D        | Killed a meat berserker
     7 | D        | Reached ** piety under Trog
     7 | D        | Reached skill level 22 in Fighting
     7 | D        | Reached skill level 18 in Axes
     7 | D        | Reached skill level 15 in Armour
     7 | D        | Reached skill level 17 in Dodging
     7 | D        | Reached XP level 13. HP: 69/172 MP: 13/13
     7 | D        | Reached XP level 14. HP: 74/183 MP: 14/14
     7 | D        | Killed a bag of meat
     7 | D        | Reached skill level 23 in Fighting
     7 | D        | Reached skill level 19 in Axes
     7 | D        | Reached skill level 16 in Armour
     7 | D        | Reached skill level 18 in Dodging
     8 | D        | Killed a bag of meat
     8 | D        | Reached skill level 25 in Fighting
     8 | D        | Reached skill level 20 in Axes
     8 | D        | Reached skill level 17 in Armour
     8 | D        | Reached skill level 19 in Dodging
     8 | D        | Reached XP level 15. HP: 81/200 MP: 15/15
     9 | D        | Noticed a meat berserker
     9 | D        | Fell from the grace of Trog
     9 | D        | Became a worshipper of Makhleb the Destroyer
    10 | D        | Noticed a meat berserker
    13 | D        | Noticed a meat berserker
    13 | D        | Killed a meat berserker
    13 | D        | Reached skill level 27 in Fighting
    13 | D        | Reached skill level 22 in Axes
    13 | D        | Reached skill level 19 in Armour
    13 | D        | Reached skill level 20 in Dodging
    13 | D        | Reached XP level 16. HP: 90/217 MP: 16/16
    14 | D        | Killed a meat berserker
    14 | D        | Reached * piety under Makhleb
    14 | D        | Reached skill level 24 in Axes
    14 | D        | Reached skill level 20 in Armour
    14 | D        | Reached skill level 22 in Dodging
    14 | D        | Reached skill level 25 in Axes
    14 | D        | Reached skill level 21 in Armour
    14 | D        | Reached skill level 23 in Dodging
    14 | D        | Reached XP level 17. HP: 95/226 MP: 17/17
    15 | D        | Noticed a meat berserker
    16 | D        | Killed a meat berserker
    16 | D        | Reached skill level 26 in Axes
    16 | D        | Reached skill level 23 in Armour
    16 | D        | Reached skill level 24 in Dodging
    17 | D        | Noticed a meat berserker
    17 | D        | Killed a meat berserker
    17 | D        | Reached ** piety under Makhleb
    17 | D        | Reached skill level 27 in Axes
    17 | D        | Reached skill level 25 in Armour
    17 | D        | Reached skill level 26 in Dodging
    17 | D        | Reached XP level 18. HP: 152/236 MP: 18/18
    18 | D        | Noticed a meat berserker
    18 | D        | Reached skill level 26 in Armour
    18 | D        | Reached skill level 27 in Dodging
    19 | D        | Reached skill level 27 in Armour
    19 | D        | Reached skill level 5 in Throwing
    19 | D        | Reached skill level 4 in Stealth
    19 | D        | Reached skill level 5 in Unarmed Combat
    19 | D        | Reached skill level 6 in Spellcasting
    19 | D        | Reached skill level 6 in Invocations
    21 | D        | Noticed a destroyer
    21 | D        | Killed a meat berserker
    21 | D        | Reached *** piety under Makhleb
    21 | D        | Reached skill level 17 in Stealth
    21 | D        | Reached XP level 19. HP: 245/245 MP: 18/28
    23 | D        | Noticed a meat berserker
    23 | D        | Noticed a meat berserker
    23 | D        | Noticed a destroyer
    23 | D        | Killed a destroyer
    23 | D        | Reached skill level 24 in Stealth
    24 | D        | Killed a meat berserker
    24 | D        | Reached skill level 27 in Stealth
    24 | D        | Reached skill level 9 in Unarmed Combat
    24 | D        | Reached XP level 20. HP: 256/256 MP: 18/29
    26 | D        | Reached **** piety under Makhleb
    26 | D        | Reached skill level 15 in Unarmed Combat
    27 | D        | Noticed a destroyer
    27 | D        | Noticed a large bag of meat
    27 | D        | Noticed a meat berserker
    28 | D        | Noticed a large bag of meat
    28 | D        | Killed a meat berserker
    28 | D        | Reached skill level 22 in Unarmed Combat
    29 | D        | Noticed a meat berserker
    30 | D        | Killed a meat berserker
    30 | D        | Reached skill level 27 in Unarmed Combat
    30 | D        | Reached skill level 7 in Invocations
    30 | D        | Reached XP level 21. HP: 265/265 MP: 19/30
    30 | D        | Killed a meat berserker
    30 | D        | Reached skill level 21 in Invocations
    31 | D        | Noticed an eight-headed meat hydra
    31 | D        | Noticed a destroyer
    32 | D        | Reached ***** piety under Makhleb
    32 | D        | Reached skill level 24 in Invocations
    32 | D        | Killed a destroyer
    32 | D        | Reached skill level 27 in Invocations
    32 | D        | Reached skill level 15 in Throwing
    32 | D        | Reached skill level 16 in Spellcasting
    32 | D        | Reached XP level 22. HP: 275/275 MP: 20/42
    33 | D        | Reached skill level 19 in Throwing
    33 | D        | Reached skill level 21 in Spellcasting
    34 | D        | Noticed a large bag of meat
    34 | D        | Killed a large bag of meat
    34 | D        | Reached skill level 23 in Throwing
    34 | D        | Reached skill level 24 in Spellcasting
    34 | D        | Reached XP level 23. HP: 242/284 MP: 20/51
    34 | D        | Reached skill level 24 in Throwing
    34 | D        | Reached skill level 26 in Spellcasting
    34 | D        | Reached skill level 26 in Throwing
    34 | D        | Reached skill level 27 in Spellcasting
    35 | D        | Reached skill level 27 in Throwing
    35 | D        | Reached ****** piety under Makhleb
    37 | D        | Reached XP level 24. HP: 259/295 MP: 21/54
    38 | D        | Killed a destroyer
    39 | D        | Reached XP level 25. HP: 304/304 MP: 22/54
    40 | D        | Noticed a destroyer
    41 | D        | Noticed a destroyer
    41 | D        | Killed a large bag of meat
    41 | D        | HP: 21/304 [large bag of meat/exploding inner flame (39)]
    41 | D        | Killed a large bag of meat
    41 | D        | Killed a destroyer
    41 | D        | Noticed a destroyer
    42 | D        | Killed a destroyer
    42 | D        | Reached XP level 26. HP: 297/314 MP: 22/54
    43 | D        | Noticed a destroyer
    44 | D        | Killed a destroyer
    45 | D        | Noticed a destroyer
    45 | D        | Noticed a destroyer
    46 | D        | Killed a destroyer
    46 | D        | Reached XP level 27. HP: 240/323 MP: 23/54
    47 | D        | Noticed a destroyer
    48 | D        | Noticed a destroyer
    49 | D        | Killed a destroyer
    51 | D        | Noticed a tyrant
    51 | D        | Killed a destroyer
    51 | D        | Killed a destroyer
    54 | D        | Killed a destroyer
    54 | D        | Killed a tyrant
    58 | D        | Killed a destroyer
    68 | D        | Noticed a meat beast
    70 | D        | Noticed a dread
    71 | D        | Killed a meat beast
    72 | D        | Noticed a meat beast
    73 | D        | Noticed a dread
    74 | D        | Killed a dread
    75 | D        | Noticed a meat beast
    75 | D        | Killed a meat beast
    79 | D        | Noticed a tyrant
    79 | D        | Killed a meat beast
    85 | D        | Noticed a meat beast
    87 | D        | Killed a tyrant
    88 | D        | Killed a meat beast
    90 | D        | Killed a dread
    92 | D        | Noticed a meat beast
    92 | D        | Noticed a tyrant
    92 | D        | Noticed a tyrant
    96 | D        | Noticed an accursed
    96 | D        | Killed a tyrant
    96 | D        | Killed a meat beast
    99 | D        | Killed a tyrant
   101 | D        | Noticed The Defiler
   103 | D        | Noticed a dread
   105 | D        | Noticed a meat beast
   106 | D        | Annihilated by The Defiler

Vanquished Creatures
  5 hell beasts (D)
  2 wraiths (D)
  12 vampire knights (D)
  3 two-headed ogres (D)
  4 liches (D)
  A hydra (D)
  35 orcs (D)
  A phantom (D)
  4 skeletal warriors (D)
  2 large abominations (D)
  5 crawling corpses (D)
  25 ogres (D)
99 creatures vanquished.

Vanquished Creatures (others)
  An orc (D)
  4 crawling corpses (D)
5 creatures vanquished.

Grand Total: 104 creatures vanquished
